 Dungeon Crawl Stone Soup version 0.29-a0-520-gc852659d43 (webtiles) character file.

Game seed: 4555373972352160505

2274 Ijustatesigmund the Magician (level 9, -3/65 HPs)
             Began as a Gnoll Fire Elementalist on May 31, 2022.
             Slain by a boulder beetle (11 damage)
             ... on level 7 of the Dungeon.
             The game lasted 00:19:12 (10986 turns).

Ijustatesigmund the Magician (GnFE)                Turns: 10986, Time: 00:19:13

Health: -3/65      AC: 14    Str:  8    XL:     9   Next: 39%
Magic:  11/18      EV: 14    Int: 18    God:
Gold:   415        SH:  0    Dex: 13    Spells: 11/21 levels left

rFire   . . .      SeeInvis .   f - +3 great sword (protect)
rCold   . . .      Faith    .   (shield currently unavailable)
rNeg    . . .      Spirit   .   a - +0 robe
rPois   .          Reflect  .   j - +0 helmet
rElec   .          Harm     .   n - +1 cloak
rCorr   .          Rampage  .   q - +1 pair of gloves
Will    .....                   (no boots)
Stlth   +++.......              (no amulet)
HPRegen 0.20/turn               (no ring)
MPRegen 0.16/turn               (no ring)

@: mighty, brilliant, under a protective aura
A: fangs 1, strong nose, distributed training
a: no special abilities


You were on level 7 of the Dungeon.
You visited 1 branch of the dungeon, and saw 8 of its levels.

You collected 415 gold pieces.

Inventory:

Hand Weapons
 f - a +3 great sword of protection (weapon)
 t - the +2 war axe "Yguw" {elec, Int+9 Dex-2}
   (You found it on level 7 of the Dungeon)

   It occasionally discharges a powerful burst of electricity upon striking a
   foe.
   Int:       It affects your intelligence (+9).
   Dex:       It affects your dexterity (-2).
Armour
 a - a +0 robe (worn)
 j - a +0 helmet (worn)
 n - a +1 cloak (worn)
 q - a +1 pair of gloves (worn)
Jewellery
 i - a ring of ice
Wands
 k - a wand of charming (1)
Scrolls
 c - 2 scrolls of enchant weapon
 e - 4 scrolls of immolation
 l - 3 scrolls of teleportation
Potions
 b - 2 potions of magic
 d - 2 potions of attraction
 h - a potion of heal wounds {unknown}
 m - a potion of flight
 r - a potion of might


   Skills:
 + Level 4.2 Fighting
 + Level 4.2 Short Blades
 + Level 4.2 Long Blades
 + Level 4.2 Axes
 + Level 4.2 Maces & Flails
 + Level 4.2 Polearms
 + Level 4.2 Staves
 + Level 4.2 Slings
 + Level 4.2 Bows
 + Level 4.2 Crossbows
 + Level 4.2 Throwing
 + Level 4.2 Armour
 + Level 6.3 Dodging
 + Level 6.0 Stealth
 + Level 4.2 Shields
 + Level 4.2 Unarmed Combat
 + Level 6.6 Spellcasting
 + Level 4.1 Conjurations
 + Level 3.4 Hexes
 + Level 3.4 Summonings
 + Level 3.4 Necromancy
 + Level 3.4 Translocations
 + Level 3.4 Transmutations
 + Level 6.5 Fire Magic
 + Level 3.4 Ice Magic
 + Level 3.4 Air Magic
 + Level 3.4 Earth Magic
 + Level 3.4 Poison Magic
 + Level 4.6 Invocations
 + Level 4.2 Evocations


You had 11 spell levels left.
You knew the following spells:

 Your Spells              Type           Power      Damage    Failure   Level
a - Foxfire               Conj/Fire      100%       2x1d9     1%          1
b - Scorch                Fire           88%        2d9       1%          2
c - Stone Arrow           Conj/Erth      58%        3d10      7%          3
d - Flame Wave            Conj/Fire      37%        2d9       12%         4

Your spell library contained the following spells:

 Spells                   Type           Power      Damage    Failure   Level
 Sandblast                Erth           54%        2d13      2%          1
 Slow                     Hex            100%       N/A       2%          1
 Conjure Flame            Conj/Fire      37%        6-21      3%          3
 Ensorcelled Hibernation  Hex/Ice        54%        N/A       4%          2
 Passwall                 Tmut/Erth      22%        N/A       4%          2
 Inner Flame              Hex/Fire       35%        N/A       4%          3
 Confusing Touch          Hex            27%        N/A       9%          3
 Swiftness                Air            27%        N/A       9%          3
 Vampiric Draining        Necr           27%        2d7       9%          3
 Animate Armour           Summ/Erth      54%        N/A       26%         4
 Lehudib's Crystal Spear  Conj/Erth      14%        10d5      100%        8


Dungeon Overview and Level Annotations

Branches:
Dungeon (8/15)             Temple (0/1) D:7
   Lair: D:8-11

Altars:
Ashenzari
Elyvilon
Fedhas
Makhleb
Okawaru
Sif Muna
Xom


Innate Abilities, Weirdness & Mutations

You have very sharp teeth.
Your uncanny sense of smell can sniff out nearby items.
Your experience applies equally to all skills.


Message History

The orc wizard dies!
Things that are here:
a +0 hand axe; a +0 leather armour Something hits your orc warrior but does no damage.
Items here: )) [ †.
You feel yourself slow down.
Your orc warrior hits something with a +0 long sword!
You feel a bit more experienced.
There is a stone staircase leading up here.
You climb upwards.
There is a stone staircase leading down here.
You swap places.
Your orc warrior hits the boulder beetle with a +0 long sword!
What are your orders? t - Bark!
Orders for allies: a - Attack new target. r - Retreat! s - Stop attacking. g - Guard the area. f - Follow me.
Anything else - Cancel.
Gang up on whom?
Press: ? - help, Dir - move target, f - boulder beetle
Aim: a boulder beetle (moderately wounded, ally target) Attack!
Your orc warrior hits the boulder beetle but does no damage.
You slash the boulder beetle!
Your weapon exudes an aura of protection.
The boulder beetle is heavily wounded.
The boulder beetle closely misses you.
Your orc warrior hits the boulder beetle with a +0 long sword.
The boulder beetle bites you.
You hit the boulder beetle.
The boulder beetle is heavily wounded.
Your orc warrior hits the boulder beetle but does no damage.
The boulder beetle bites you!!
* * * LOW HITPOINT WARNING * * *
Your orc warrior hits the boulder beetle but does no damage.
It was a potion of might.
You feel very mighty all of a sudden. The boulder beetle bites you!
You die...

#....))<...# #.###.####### #.#
###...#####..###.###.#.....# #.#
..........#.........#......####.#
#'###.........##.#.###...........
....#.....#.#.##.##.#......#..#.#
#'#.#.#####.#.##.##..#...##.##..#
#>#.'.......#.##.##.####.#.⌠.#...
###.#.#.#####.......# #.##.##.##
....#.#.#######.@.### ##..#.....
#'###......# #oB.#######....####
#.# ###.##.####...........####
..#####.##)#.........##.###
..........B....[......#.#########
.######..###..........#.##.......
.######.)# #.......##........####
.[.......#*#..).........##...#
.######.)B........############


You could see a boulder beetle (ally target) and a friendly orc warrior
(charmed).

Vanquished Creatures
  A steam dragon (D:7)
  A water moccasin (D:6)
  2 black bears (D:6)
  2 sky beasts
  An ogre (D:7)
  A centaur (D:6)
  A phantom (D:5)
  A kobold brigand (D:4)
  4 scorpions
  3 bullfrogs
  A necrophage (D:4)
  3 wights (D:7)
  2 howler monkeys (D:7)
  A jelly (D:5)
  Crazy Yiuf (D:6)
  A gnoll shaman (D:6)
  3 hounds (D:5)
  2 iguanas
  2 orc wizards
  10 gnolls
  13 adders
  An ufetubus (D:4)
  A worm (D:4)
  3 dart slugs
  11 orcs
  5 bats
  5 endoplasms
  3 giant cockroaches
  7 goblins
  6 hobgoblins
  A ball python (D:3)
  3 frilled lizards
  13 kobolds
  5 rats
120 creatures vanquished.

Vanquished Creatures (collateral kills)
  An orc wizard (D:8)
  A gnoll (D:6)
  An ufetubus (D:6)
  2 orcs (D:8)
5 creatures vanquished.

Vanquished Creatures (others)
  A hound (D:6)
  An orc (D:7)
  10 kobolds (D:4)
  113 foxfires
  8 plants
133 creatures vanquished.

Grand Total: 258 creatures vanquished

Notes
Turn   | Place    | Note
-------+----------+-------------------------------------------
     0 | D:1      | Ijustatesigmund the Gnoll Fire Elementalist began the quest
                  | for the Orb.
     0 | D:1      | Reached XP level 1. HP: 13/13 MP: 6/6
   113 | D:1      | Reached XP level 2. HP: 8/19 MP: 0/7
   116 | D:1      | Learned a level 2 spell: Scorch
   579 | D:1      | Found a faded altar of an unknown god.
  1857 | D:2      | Reached XP level 3. HP: 25/25 MP: 7/9
  1861 | D:2      | Reached skill level 5 in Spellcasting
  2060 | D:2      | Reached skill level 1 in Invocations
  2226 | D:2      | Reached skill level 1 in Fighting
  2226 | D:2      | Reached skill level 1 in Short Blades
  2226 | D:2      | Reached skill level 1 in Long Blades
  2226 | D:2      | Reached skill level 1 in Axes
  2226 | D:2      | Reached skill level 1 in Maces & Flails
  2226 | D:2      | Reached skill level 1 in Polearms
  2226 | D:2      | Reached skill level 1 in Staves
  2226 | D:2      | Reached skill level 1 in Slings
  2226 | D:2      | Reached skill level 1 in Bows
  2226 | D:2      | Reached skill level 1 in Crossbows
  2226 | D:2      | Reached skill level 1 in Throwing
  2226 | D:2      | Reached skill level 1 in Armour
  2226 | D:2      | Reached skill level 1 in Shields
  2226 | D:2      | Reached skill level 1 in Unarmed Combat
  2226 | D:2      | Reached skill level 1 in Evocations
  2339 | D:2      | Reached XP level 4. HP: 15/32 MP: 6/11
  2751 | D:2      | Found a blossoming altar of Fedhas.
  3443 | D:3      | Found a broken altar of Ashenzari.
  3467 | D:3      | Reached skill level 1 in Hexes
  3467 | D:3      | Reached skill level 1 in Summonings
  3467 | D:3      | Reached skill level 1 in Necromancy
  3467 | D:3      | Reached skill level 1 in Translocations
  3467 | D:3      | Reached skill level 1 in Transmutations
  3467 | D:3      | Reached skill level 1 in Ice Magic
  3467 | D:3      | Reached skill level 1 in Air Magic
  3467 | D:3      | Reached skill level 1 in Earth Magic
  3467 | D:3      | Reached skill level 1 in Poison Magic
  4067 | D:4      | Noticed a scorpion
  4074 | D:4      | Killed a scorpion
  4075 | D:4      | Reached XP level 5. HP: 37/37 MP: 8/12
  4131 | D:4      | Reached XP level 6. HP: 23/44 MP: 10/13
  4767 | D:4      | Reached skill level 5 in Dodging
  4821 | D:4      | Found a white marble altar of Elyvilon.
  5495 | D:5      | Entered Level 5 of the Dungeon
  5712 | D:5      | HP: 1/44 [gnoll/+0 halberd (7)]
  6103 | D:5      | Reached XP level 7. HP: 45/51 MP: 10/15
  6503 | D:5      | Reached skill level 5 in Stealth
  7254 | D:6      | Found a shimmering altar of Xom.
  7254 | D:6      | Found an iron altar of Okawaru.
  7404 | D:6      | Reached XP level 8. HP: 42/57 MP: 13/16
  7545 | D:6      | Found a shimmering blue altar of Sif Muna.
  9261 | D:6      | Learned a level 3 spell: Stone Arrow
  9264 | D:6      | Found a runed translucent door.
  9265 | D:6      | Noticed Crazy Yiuf
  9272 | D:6      | Killed Crazy Yiuf
  9632 | D:7      | Reached XP level 9. HP: 65/65 MP: 14/18
  9637 | D:7      | Learned a level 4 spell: Flame Wave
  9662 | D:7      | Noticed a boulder beetle
  9713 | D:7      | Identified the +2 war axe "Yguw" {elec, Int+9 Dex-2}
  9882 | D:7      | Found a burning altar of Makhleb.
 10088 | D:7      | HP: 3/65 [something (3)]
 10710 | D:7      | Found a staircase to the Ecumenical Temple.
 10986 | D:7      | Slain by a boulder beetle

Illustrated notes

Levels and vault maps discovered:
D:1:      saegor_arrival_fortress, layout_loops_ring,
          hellmonk_ecumenical_altar_blasted
D:2:      layout_loops_ring, basic_altar
D:3:      layout_basic, nicolae_ashenzari_panopticon
D:4:      kennysheep_kobold_camp, layout_basic, amcnicky_altar_gilded
D:5:      layout_gridville, serial_bayou_pond_e
D:6:      layout_loops_ring, chequers_temple_overflow_statue_of_worship,
          mainiacjoe_overflow_tiny_flanked, chequers_serial_rivers_micro_c,
          uniq_crazy_yiuf_cottage
D:7:      layout_loops_cross, mainiacjoe_overflow_six_doors_small,
          minmay_temple_entry_glassed_door, grunt_decor_one_mirror
D:8:      cheibrodos_frozen_isle, layout_basic, nicolae_benzene_ring, uniq_grum,
          uniq_joseph

Skill      XL: |  1  2  3  4  5  6  7  8  9 |
---------------+----------------------------+-----
Conjurations   | 2 3 4 |  4.1
Spellcasting   | 5 6 |  6.6
Invocations    | 1 2 3 4 |  4.6
Fighting       | 1 2 3 4 |  4.2
Short Blades   | 1 2 3 4 |  4.2
Long Blades    | 1 2 3 4 |  4.2
Axes           | 1 2 3 4 |  4.2
Maces & Flails | 1 2 3 4 |  4.2
Polearms       | 1 2 3 4 |  4.2
Staves         | 1 2 3 4 |  4.2
Slings         | 1 2 3 4 |  4.2
Bows           | 1 2 3 4 |  4.2
Crossbows      | 1 2 3 4 |  4.2
Throwing       | 1 2 3 4 |  4.2
Armour         | 1 2 3 4 |  4.2
Shields        | 1 2 3 4 |  4.2
Unarmed Combat | 1 2 3 4 |  4.2
Evocations     | 1 2 3 4 |  4.2
Hexes          | 1 2 3 |  3.4
Summonings     | 1 2 3 |  3.4
Necromancy     | 1 2 3 |  3.4
Translocations | 1 2 3 |  3.4
Transmutations | 1 2 3 |  3.4
Ice Magic      | 1 2 3 |  3.4
Air Magic      | 1 2 3 |  3.4
Earth Magic    | 1 2 3 |  3.4
Poison Magic   | 1 2 3 |  3.4
Dodging        | 5 6 |  6.3
Stealth        | 5 6 |  6.0
Fire Magic     | 6 |  6.5

Action                   |  1- 3 |  4- 6 |  7- 9 || total
-------------------------+-------+-------+-------++-------
Melee: Great sword       |    30 |    85 |    83 ||   198
       Bite              |     4 |    10 |     7 ||    21
 Cast: Foxfire           |    29 |    27 |    17 ||    73
       Scorch            |     6 |     9 |    44 ||    59
       Stone Arrow       |       |       |    25 ||    25
       Flame Wave        |       |       |     2 ||     2
Evoke: Wand              |       |       |     4 ||     4
  Use: Scroll            |     5 |     5 |     8 ||    18
       Potion            |       |     3 |     5 ||     8
 Stab: Sleeping          |     4 |     5 |     7 ||    16
       Invisible         |       |     5 |       ||     5
       Distracted        |       |       |     1 ||     1
Armor: Robe              |     9 |    28 |    62 ||    99
Dodge: Dodged            |    39 |   107 |   157 ||   303

Table legend: (Time is in decaauts)
 A = Elapsed time spent in this place.
 B = Non-inter-level travel time spent in this place.
 C = Inter-level travel time spent in this place.
 D = Time resting spent in this place.
 E = Time spent auto-exploring this place.
 F = Levels seen in this place.
 G = Mean time per level.
                   A        B        C        D        E       F      G
               +--------+--------+--------+--------+--------+-----+--------+
         Total |  11070 |  10879 |    191 |   3643 |   5872 |   8 | 1383.8 |
       Dungeon |  11070 |  10879 |    191 |   3643 |   5872 |   8 | 1383.8 |
               +--------+--------+--------+--------+--------+-----+--------+

Top non-repeatable levels by time:
     D:6: 2240 daAuts
     D:1: 1822 daAuts
     D:4: 1783 daAuts
     D:5: 1682 daAuts
     D:7: 1345 daAuts
     D:2: 1118 daAuts
     D:3: 1049 daAuts
     D:8: 27 daAuts
